 Dungeon Crawl Stone Soup version 0.31.0-32-g396128a36d (webtiles) character file.

Game seed: 16737062231547684217

948 BassonBusker the Digger (level 8, -3/42 HPs)
             Began as a Gargoyle Earth Elementalist on Apr 13, 2024.
             Was a Follower of Fedhas.
             Slain by an orc warrior
             ... wielding a +0 mace
              (7 damage)
             ... on level 5 of the Dungeon on Apr 14, 2024.
             The game lasted 00:25:17 (4981 turns).

BassonBusker the Digger (GrEE)                      Turns: 4981, Time: 00:25:17

Health: -3/42      AC: 15    Str: 11    XL:     8   Next: 13%
Magic:  1/15       EV: 12    Int: 25    God:    Fedhas [*.....]
Gold:   215        SH:  0    Dex: 10    Spells: 1/16 levels left

rFire   . . .        o - +4 dagger (elec)
rCold   . . .        z - orb {light}
rNeg    + . .        a - +0 robe
rPois   ∞            n - +0 helmet
rElec   +            g - +1 cloak
rCorr   .            q - +0 pair of gloves
SInv    .            (no boots)
Will    .....        (no amulet)
Stlth   +            y - +4 ring of protection
HPRegen 0.27/turn    l - +6 ring of intelligence
MPRegen 0.14/turn

%: no passive effects
@: mighty, glowing
A: sickness immunity, AC +5, negative energy resistance 1, electricity
resistance, torment resistance 1, petrification resistance
a: Renounce Religion


You were on level 5 of the Dungeon.
You worshipped Fedhas.
Fedhas was aware of your devotion.
You visited 1 branch of the dungeon, and saw 5 of its levels.

You collected 215 gold pieces.

Inventory:

Hand Weapons
 o - a +4 dagger of electrocution (weapon)
 t - a +3 quarterstaff of chaos
Missiles
 h - 42 stones
 k - a throwing net
Armour
 a - a +0 robe (worn)
 g - a +1 cloak (worn)
 n - a +0 helmet (worn)
 q - a +0 pair of gloves (worn)
 z - an orb of light (worn)
Jewellery
 d - a ring of protection from fire
 l - a +6 ring of intelligence (right hand)
 s - a ring of willpower
 y - a +4 ring of protection (left hand)
Wands
 m - a wand of paralysis (26)
 w - a wand of quicksilver (9)
 A - a wand of flame (26) (quivered)
Scrolls
 b - a scroll of identify
 c - 2 scrolls of teleportation
 f - a scroll of amnesia {unknown}
 C - a scroll of summoning {unknown}
Potions
 e - a potion of cancellation
 i - a potion of haste {unknown}
 j - a potion of might
 p - a potion of attraction {unknown}
 r - a potion of mutation {unknown}
 v - 3 potions of curing
 x - 2 potions of berserk rage


   Skills:
 + Level 0.6 Fighting
 + Level 1.1 Short Blades
 + Level 0.1 Polearms
 + Level 2.3 Dodging
 + Level 3.2 Stealth
 + Level 1.4 Unarmed Combat
 + Level 4.9 Spellcasting
 + Level 2.7 Conjurations
 + Level 7.4 Earth Magic
 + Level 1.4 Alchemy


You had one spell level left.
You knew the following spells:

 Your Spells              Type           Power      Damage    Failure   Level
a - Sandblast             Erth           86%        2d18      1%          1
b - Passwall              Erth           43%        N/A       1%          3
c - Stone Arrow           Conj/Erth      62%        3d10      3%          3
d - Petrify               Alch/Erth      28%        N/A       13%         4
e - Brom's Barrelling Bo  Conj/Erth      31%        2d5       10%         4

Your spell library contained the following spells:

 Spells                   Type           Power      Damage    Failure   Level
 Magic Dart               Conj           80%        1d7       2%          1
 Sting                    Conj/Alch      64%        1d7       3%          1
 Blink                    Tloc           12%        N/A       13%         2
 Call Imp                 Summ           12%        N/A       13%         2
 Ensorcelled Hibernation  Hex/Ice        12%        N/A       13%         2
 Swiftness                Air            6%         N/A       26%         3
 Volatile Blastmotes      Fire/Tloc      12%        2d11      26%         3
 Fulminant Prism          Conj/Alch      8%         3d7       34%         4
 Iskenderun's Mystic Bla  Conj/Tloc      13%        2d5       43%         4


Dungeon Overview and Level Annotations

Branches:
Dungeon (5/15)
 Temple: D:4-7

Altars:
Dithmenos
Fedhas
Hepliaklqana
Okawaru
Sif Muna
Trog
Yredelemnul
The Shining One

Annotations:
D:5 Ticonderoga's ghost, novice OpSh


Innate Abilities, Weirdness & Mutations

You are immune to sickness and miasma.
Your stone body is resilient. (AC +5)
You are immune to poison.
You resist negative energy. (rN+)
You are resistant to electric shocks. (rElec)
You are resistant to unholy torment.
You are immune to petrification.


Message History

Your surroundings suddenly seem different.
You start resting.
An orc warrior is nearby!
Casting: Petrify (quite dangerous; 13% risk of failure)
Confirm with . or Enter, or press ? or * to list all spells.
You don't have enough magic to cast this spell.
Casting: Petrify (quite dangerous; 13% risk of failure)
Confirm with . or Enter, or press ? or * to list all spells.
Aiming: Stone Arrow (dangerous; 3% risk of failure)
Press: ? - help, Shift-Dir - straight line, f - orc warrior
Aim: an orc warrior, wielding a +0 mace and wearing the +8 chain mail of Subjectivity {Harm} (wandering, hasn't noticed you, 71% to hit)
The stone arrow hits the orc warrior!
The orc warrior is heavily wounded.
The orc warrior shouts!
Casting: Stone Arrow (dangerous; 3% risk of failure)
Confirm with . or Enter, or press ? or * to list all spells.
Okay, then.
Aiming: Throw Flame
Press: ? - help, Q - select action, (/) - cycle Shift-Dir - straight line, f/p - orc warrior
Aim: an orc warrior, wielding a +0 mace and wearing the +8 chain mail of Subjectivity {Harm} (heavily wounded, haloed, 77% to hit)
The puff of flame hits the orc warrior but does no damage.
The orc warrior is heavily wounded.
Aiming: Throw Flame
Press: ? - help, Q - select action, (/) - cycle Shift-Dir - straight line, f/p - orc warrior
Aim: an orc warrior, wielding a +0 mace and wearing the +8 chain mail of Subjectivity {Harm} (heavily wounded, haloed, 77% to hit)
The puff of flame hits the orc warrior but does no damage.
The orc warrior is heavily wounded.
You hit the orc warrior but do no damage.
The orc warrior is heavily wounded.
The orc warrior hits you with a +0 mace.
* * * LOW HITPOINT WARNING * * *
You hit the orc warrior but do no damage.
Lightning courses through the orc warrior!
The orc warrior is almost dead.
The orc warrior hits you but does no damage.
You barely miss the orc warrior.
The orc warrior is almost dead.
The orc warrior hits you with a +0 mace.
You die...
Fedhas appreciates your contribution to the ecosystem.

....# ..### #### .# ..#####..
.. ......#.#### .#
.####.#'#..# .#
.#.........#.####.###
.#.........#........
...........##.....#
).....#.#......o@.#
###.###.#.#########
#.....#.#........
......[..........
#.#.#.#.#........ ###
#.#...#.......### #####.#
#.............# ####..#...
####..........#####
##....##...
#.#.#..........#####.....###..


You could see an orc warrior.

Vanquished Creatures
  Sigmund (D:3)
  A black bear (D:5)
  A scorpion (D:5)
  6 hounds
  2 orc priests
  A bombardier beetle (D:4)
  A jelly (D:4)
  Crazy Yiuf (D:4)
  A gnoll bouda (D:5)
  2 orc wizards
  Robin (D:3)
  8 gnolls
  5 adders
  2 dart slugs
  14 orcs
  3 ball pythons
  2 bats (D:1)
  7 endoplasms
  4 giant cockroaches
  11 goblins
  8 hobgoblins
  4 jackals (D:2)
  4 kobolds
  3 quokkas
  A frilled lizard (D:3)
  4 rats
98 creatures vanquished.

Vanquished Creatures (collateral kills)
  4 boulders (D:5)
4 creatures vanquished.

Vanquished Creatures (others)
  2 boulders (D:5)
2 creatures vanquished.

Grand Total: 104 creatures vanquished

Notes
Turn   | Place    | Note
-------+----------+-------------------------------------------
     0 | D:1      | BassonBusker the Gargoyle Earth Elementalist began the
                  | quest for the Orb.
     0 | D:1      | Reached XP level 1. HP: 10/10 MP: 3/3
   108 | D:1      | Reached XP level 2. HP: 13/15 MP: 0/5
   171 | D:1      | Reached skill level 4 in Earth Magic
   435 | D:1      | Found a faded altar of an unknown god.
   859 | D:2      | Reached XP level 3. HP: 19/19 MP: 4/6
   863 | D:2      | Learned a level 3 spell: Passwall
  1206 | D:2      | Learned a level 3 spell: Stone Arrow
  1697 | D:3      | Noticed Sigmund
  1702 | D:3      | Killed Sigmund
  1703 | D:3      | Reached skill level 5 in Earth Magic
  1703 | D:3      | Reached XP level 4. HP: 16/24 MP: 1/9
  1703 | D:3      | Reached XP level 5. HP: 19/28 MP: 1/10
  1716 | D:3      | Reached XP level 6. HP: 21/32 MP: 2/11
  2020 | D:3      | Noticed Robin
  2023 | D:3      | Killed Robin
  2403 | D:3      | Found a blossoming altar of Fedhas.
  2415 | D:3      | Became a worshipper of Fedhas Madash
  2592 | D:4      | Found an iron altar of Okawaru.
  2664 | D:4      | Reached skill level 6 in Earth Magic
  2756 | D:4      | Found a basalt altar of Yredelemnul.
  2804 | D:4      | Noticed a profane servitor
  2912 | D:4      | Reached XP level 7. HP: 37/37 MP: 9/13
  3131 | D:4      | Reached * piety under Fedhas
  3333 | D:4      | Learned a level 4 spell: Petrify
  3336 | D:4      | Found a hazy altar of Hepliaklqana.
  3419 | D:4      | Found a runed translucent door.
  3420 | D:4      | Noticed Crazy Yiuf
  3526 | D:4      | Found a glowing golden altar of the Shining One.
  3529 | D:4      | Noticed an angel
  3703 | D:4      | Killed Crazy Yiuf
  3808 | D:5      | Entered Level 5 of the Dungeon
  3919 | D:5      | Reached skill level 7 in Earth Magic
  3971 | D:5      | Found a shadowy altar of Dithmenos.
  3984 | D:5      | Reached skill level 1 in Short Blades
  3990 | D:5      | Learned a level 4 spell: Brom's Barrelling Boulder
  4074 | D:5      | Reached skill level 1 in Alchemy
  4305 | D:5      | Found a runed translucent gate.
  4306 | D:5      | Found a runed translucent gate.
  4306 | D:5      | Found a runed translucent gate.
  4306 | D:5      | Noticed Ticonderoga's ghost (novice OpSh)
  4307 | D:5      | Identified the +4 ring mail of the Blessed Realm {*Slow
                  | Str+3 Stlth+}
  4307 | D:5      | Identified the +8 chain mail of Subjectivity {Harm}
  4310 | D:5      | Reached skill level 1 in Unarmed Combat
  4310 | D:5      | Reached XP level 8. HP: 42/42 MP: 13/15
  4540 | D:5      | Found a shimmering blue altar of Sif Muna.
  4544 | D:5      | Found a bloodstained altar of Trog.
  4556 | D:5      | Got Koimatoh's Precepts of Concussion
  4981 | D:5      | Slain by an orc warrior

Illustrated notes

Levels and vault maps discovered:
D:1:      saegor_arrival_fortress, layout_rooms, basic_ecumenical_altar,
          nicolae_kite_square_tiling_tiny
D:2:      layout_loops_cross
D:3:      layout_rooms, mainiacjoe_overflow_surrounded_room, uniq_robin,
          uniq_sigmund
D:4:      layout_basic, mainiacjoe_overflow_cross_hatched,
          nicolae_hepliaklqana_hippocampus, grunt_temple_overflow_holy_war,
          minmay_statues_item, uniq_crazy_yiuf_cottage
D:5:      layout_basic, hellmonk_overflow_destroyed_library,
          mainiacjoe_overflow_six_doors_small, biasface_ghost_orc_armoury

Skill      XL: |  1  2  3  4  5  6  7 |
---------------+----------------------+-----
Earth Magic    | 4 5 6 7 |  7.4
Dodging        | 2 |  2.3
Stealth        | 3 |  3.2
Spellcasting   | 3 4 |  4.9
Conjurations   | 2 |  2.7
Short Blades   | 1 |  1.1
Alchemy        | 1 |  1.4
Unarmed Combat | 1 |  1.4
Fighting       | |  0.6
Polearms       | |  0.1

Action                     |  1- 3 |  4- 6 |  7- 9 || total
---------------------------+-------+-------+-------++-------
  Melee: Unarmed           |    18 |    21 |     2 ||    41
         Dagger            |       |     3 |    27 ||    30
         Spear             |       |     3 |       ||     3
   Cast: Sandblast         |    35 |    18 |    19 ||    72
         Stone Arrow       |     5 |    17 |    19 ||    41
         Petrify           |       |       |     4 ||     4
         Brom's Barrelling |       |       |    10 ||    10
         Passwall          |       |       |     1 ||     1
  Evoke: Wand              |       |       |     2 ||     2
    Use: Scroll            |     2 |     2 |     7 ||    11
         Potion            |     1 |       |     2 ||     3
   Stab: Petrified         |       |       |     1 ||     1
 Armour: Robe              |    26 |    22 |    65 ||   113
  Dodge: Dodged            |    23 |    19 |    67 ||   109
